 Dungeon Crawl Stone Soup version 0.28-a0-1518-gbe868bca14 (webtiles) character file.

Game seed: 9254615628614001413

433 psuckher the Digger (level 7, -1/38 HPs)
             Began as a Gargoyle Earth Elementalist on Jan 17, 2022.
             Was a Follower of Ru.
             Slain by Dowan (2 damage)
             ... on level 5 of the Dungeon.
             The game lasted 00:31:08 (4983 turns).

psuckher the Digger (Gargoyle Earth Elementalist)   Turns: 4983, Time: 00:31:08

Health: -1/38      AC: 11    Str: 11    XL:     7   Next: 0%
Magic:  11/11      EV: 10    Int: 24    God:    Ru [*.....]
Gold:   181        SH:  0    Dex: 10    Spells: 6/12 levels left

rFire   . . .      SeeInvis .   i - +2 mace (holy)
rCold   . . .      Faith    .   (no shield)
rNeg    + . .      Spirit   .   a - +0 ring mail
rPois   ∞          Reflect  .   (no helmet)
rElec   +          Harm     .   f - +0 cloak
rCorr   .          Rampage  .   (no gloves)
Will    .....                   (no boots)
Stlth   ..........              (no amulet)
HPRegen 0.12/turn               (no ring)
MPRegen 0.12/turn               e - +6 ring of intelligence

@: horrified
A: sickness immunity, AC +4, negative energy resistance 1, electricity
resistance, torment resistance 1, petrification resistance, no stealth, cowardly
a: Renounce Religion


You were on level 5 of the Dungeon.
You worshipped Ru.
Ru was aware of your devotion.
You visited 1 branch of the dungeon, and saw 5 of its levels.

You collected 181 gold pieces.

Inventory:

Hand Weapons
 d - a +0 dagger
 i - a +2 mace of holy wrath (weapon)
 k - a +0 short sword
 r - a +0 giant spiked club
Missiles
 c - 23 stones
Armour
 a - a +0 ring mail (worn)
 b - a +0 robe
 f - a +0 cloak (worn)
Jewellery
 e - a +6 ring of intelligence (right hand)
 h - a ring of protection from cold
Wands
 p - a wand of flame (15)
Scrolls
 s - a scroll of enchant weapon {unknown}
Potions
 g - a potion of heal wounds {unknown}
 j - a potion of magic
 l - 2 potions of lignification
 m - a potion of brilliance {unknown}
 n - a potion of flight {unknown}
 o - 2 potions of degeneration {unknown}
 q - a potion of ambrosia {unknown}
 t - a potion of curing


   Skills:
 + Level 1.4 Fighting
 + Level 1.4 Short Blades
 + Level 2.5 Maces & Flails
 + Level 2.5 Armour
 + Level 2.0 Dodging
 + Level 3.2 Spellcasting
 + Level 0.7 Transmutations
 + Level 5.8 Earth Magic


You had 6 spell levels left.
You knew the following spells:

 Your Spells              Type           Power      Damage    Failure   Level
a - Sandblast             Erth           48%        2d12      2%          1
b - Passwall              Tmut/Erth      12%        N/A       10%         2
c - Stone Arrow           Conj/Erth      26%        3d8       22%         3

Your spell library contained the following spells:

 Spells                   Type           Power      Damage    Failure   Level
 Petrify                  Tmut/Erth      15%        N/A       54%         4
 Ignite Poison            Fire/Tmut/Pois 3%         N/A       56%         3
 Conjure Flame            Conj/Fire      3%         6-21      58%         3
 Animate Dead             Necr           1%         N/A       94%         4
 Sticky Flame             Conj/Fire      3%         2d3       94%         4
 Haunt                    Necr/Summ      1%         N/A       100%        7
 Infestation              Necr           1%         N/A       100%        8


Dungeon Overview and Level Annotations

Branches:
Dungeon (5/15)
 Temple: D:4-7

Altars:
Ru
Beogh

Annotations:
D:5 Dowan, Duvessa


Innate Abilities, Weirdness & Mutations

You are immune to sickness and miasma.
Your stone body is resilient. (AC +4)
You are immune to poison.
You resist negative energy. (rN+)
You are resistant to electric shocks. (rElec)
You are resistant to unholy torment.
You are immune to petrification.
You cannot be stealthy.
Your cowardice makes you less effective in combat with threatening foes.


Message History

Duvessa is stunned by your conviction and fails to attack.
You hit Duvessa but do no damage.
Duvessa is lightly wounded.
Something hits you.
The water moccasin skeleton barely misses you.
The iguana bites you. Duvessa hits you with a +0 rapier!
* * * LOW HITPOINT WARNING * * *
Dowan hits you with a +0 dagger.
* * * LOW HITPOINT WARNING * * *
You hear some strange, mumbled words.
A magic dart appears from out of thin air!
The magic dart hits you but does no damage.
You feel less confused. The water moccasin skeleton misses you.
The iguana bites you but does no damage.
Duvessa hits you but does no damage. Dowan hits you with a +0 dagger.
* * * LOW HITPOINT WARNING * * *
The water moccasin skeleton bites you but does no damage.
Something hits you but does no damage.
You climb upwards.
Reactivating autopickup.
There is a stone staircase leading down here.
The iguana closely misses you. Duvessa barely misses you.
Dowan smirks and points a slender finger.
Dowan closely misses you.
You hear some strange, mumbled words.
A magic dart appears from out of thin air!
Deactivating autopickup; reactivate with Ctrl-A.
The magic dart hits you but does no damage.
You climb downwards.
Reactivating autopickup.
The water moccasin skeleton bites you but does no damage.
There is a stone staircase leading up here.
The water moccasin skeleton bites you but does no damage.
The iguana bites you.
* * * LOW HITPOINT WARNING * * *
Duvessa hits you but does no damage.
You redirect Dowan's attack!
Dowan hits you with a +0 dagger.
You die...

#...#........
#...'...#
#####..##..#
##..##..# #+#
........#
........#
##..##..#
##..##el#
#......@#
#...##eZ# #..
#### ##


You could see Duvessa, Dowan, an iguana and a water moccasin skeleton.

Vanquished Creatures
  A black bear (D:4)
  An ogre (D:4)
  A jelly (D:4)
  A hound (D:4)
  Jessica (D:3)
  Ijyb (D:3)
  An iguana (D:4)
  2 adders
  2 adder skeletons (D:4)
  A worm (D:2)
  4 dart slugs (D:1)
  5 orcs (D:3)
  4 ball pythons
  6 endoplasms
  4 giant cockroaches (D:1)
  6 goblins
  6 hobgoblins
  4 quokkas
  5 bats
  6 frilled lizards
  13 kobolds
  5 rats
  3 bushes (D:3)
83 creatures vanquished.

Vanquished Creatures (others)
  An iguana (D:5)
  8 plants (D:3)
9 creatures vanquished.

Grand Total: 92 creatures vanquished

Notes
Turn   | Place    | Note
-------+----------+-------------------------------------------
     0 | D:1      | psuckher the Gargoyle Earth Elementalist began the quest
                  | for the Orb.
     0 | D:1      | Reached XP level 1. HP: 10/10 MP: 3/3
   146 | D:1      | Reached XP level 2. HP: 9/15 MP: 3/5
   183 | D:1      | Reached skill level 4 in Earth Magic
   617 | D:1      | Reached XP level 3. HP: 15/19 MP: 2/6
   768 | D:1      | Learned a level 2 spell: Passwall
   789 | D:1      | Found a faded altar of an unknown god.
   818 | D:1      | Prayed at the altar of an unknown god.
   818 | D:1      | Became a worshipper of Ru the Awakened
   909 | D:1      | Gained mutation: You cannot be stealthy. [Ru sacrifice]
  1119 | D:2      | Reached XP level 4. HP: 23/24 MP: 5/8
  1146 | D:2      | Reached skill level 1 in Short Blades
  1558 | D:3      | Noticed Jessica
  1567 | D:3      | Killed Jessica
  1568 | D:3      | Reached skill level 1 in Armour
  2166 | D:3      | Reached XP level 5. HP: 26/28 MP: 9/9
  3029 | D:3      | Noticed Ijyb
  3084 | D:3      | Killed Ijyb
  3085 | D:3      | Reached skill level 1 in Maces & Flails
  3594 | D:4      | Reached skill level 5 in Earth Magic
  3948 | D:4      | Noticed a black bear
  3966 | D:4      | Killed a black bear
  3967 | D:4      | Reached skill level 1 in Fighting
  3967 | D:4      | Reached XP level 6. HP: 30/34 MP: 6/10
  3971 | D:4      | Learned a level 3 spell: Stone Arrow
  4014 | D:4      | Gained mutation: Your cowardice makes you less effective in
                  | combat with threatening foes. [Ru sacrifice]
  4014 | D:4      | Reached * piety under Ru
  4730 | D:5      | Entered Level 5 of the Dungeon
  4735 | D:5      | Reached XP level 7. HP: 34/38 MP: 8/11
  4739 | D:5      | Noticed Dowan
  4740 | D:5      | Noticed Duvessa
  4983 | D:5      | HP: 1/38 [iguana (2)]
  4983 | D:5      | Slain by Dowan

Illustrated notes

Levels and vault maps discovered:
D:1:      dpeg_arrival_yet_another_circle, layout_rooms,
          hellmonk_ecumenical_altar_defaced_shrine, minmay_tetromino_l4
D:2:      layout_rooms, dk_vineyard_1
D:3:      layout_basic, serial_forest, infiniplex_forest_corner_1,
          infiniplex_forest_clump_long, infiniplex_forest_clump_medium,
          infiniplex_forest_clump_long, infiniplex_forest_clump_double,
          infiniplex_forest_end_double, infiniplex_forest_straight_3,
          infiniplex_forest_lined_2, uniq_jessica, uniq_ijyb
D:4:      layout_gridville
D:5:      layout_gridville, ebering_ghost_reflecting_pool, minmay_circle_x,
          uniq_duvessa, uniq_menkaure

Skill      XL: |  1  2  3  4  5  6 |
---------------+-------------------+-----
Earth Magic    | 4 5 |  5.8
Stealth        | 0 |  0.0
Short Blades   | 1 |  1.4
Armour         | 1 2 |  2.5
Maces & Flails | 2 |  2.5
Spellcasting   | 3 |  3.2
Fighting       | 1 |  1.4
Dodging        | 2 |  2.0
Transmutations | |  0.7

Action                   |  1- 3 |  4- 6 |  7- 9 || total
-------------------------+-------+-------+-------++-------
Melee: Dagger            |    53 |       |       ||    53
       Short sword       |    54 |    60 |       ||   114
       Punch             |     1 |    10 |       ||    11
       Mace              |       |   384 |     9 ||   393
 Cast: Sandblast         |    32 |    21 |     6 ||    59
       Passwall          |       |     2 |       ||     2
       Stone Arrow       |       |     2 |       ||     2
Invok: Sacrifice Stealth |     1 |       |       ||     1
       Sacrifice Courage |       |     1 |       ||     1
  Use: Potion            |       |     3 |       ||     3
       Scroll            |       |     4 |       ||     4
Armor: Ring mail         |    87 |   102 |    29 ||   218
Dodge: Dodged            |    78 |    86 |    29 ||   193

Table legend: (Time is in decaauts)
 A = Elapsed time spent in this place.
 B = Non-inter-level travel time spent in this place.
 C = Inter-level travel time spent in this place.
 D = Time resting spent in this place.
 E = Time spent auto-exploring this place.
 F = Levels seen in this place.
 G = Mean time per level.
                   A        B        C        D        E       F      G
               +--------+--------+--------+--------+--------+-----+--------+
         Total |   5142 |   4650 |    492 |      0 |    278 |   5 | 1028.4 |
       Dungeon |   5142 |   4650 |    492 |      0 |    278 |   5 | 1028.4 |
               +--------+--------+--------+--------+--------+-----+--------+

Top non-repeatable levels by time:
     D:3: 1930 daAuts
     D:4: 1604 daAuts
     D:1: 953 daAuts
     D:2: 606 daAuts
     D:5: 48 daAuts
